TOP OF THE 1ST |
La Crosse Loggers batting - Pitching for Menlo Maniacs : RHP Will Jackson
|
Pitching: RHP Will Jackson
|
|
Batting: RHB Robert Acosta
|
0-0: Ball 1-0: Foul Ball, location: 2F 1-1: Ball 2-1: Ground out 6-3 (Groundball, 4M)
|
Batting: RHB Kirk Powell
|
0-0: Ground out 6-3 (Groundball, 6)
|
Batting: LHB George Smith
|
0-0: Foul Ball, location: 2F 0-1: Ball 1-1: Swinging Strike 1-2: Ball 2-2: SINGLE (Groundball, 13) (infield hit)
|
Batting: RHB Danny Campbell
|
0-0: Fielders Choice at 2nd, U4 (Groundball, 4M)
|
Top of the 1st over - 0 run(s), 1 hit(s), 0 error(s), 1 left on base; La Crosse 0 - Menlo 0 |
BOTTOM OF THE 1ST |
Menlo Maniacs batting - Pitching for La Crosse Loggers : LHP Manuel Perea
|
Pitching: LHP Manuel Perea
|
|
Batting: LHB Pedro Rodríguez
|
0-0: Foul Ball, location: 2F 0-1: Swinging Strike 0-2: Strikes out looking
|
Batting: RHB Philip Burke
|
0-0: DOUBLE (Line Drive, 8LXD)
|
Batting: RHB Daryl Floyd
|
0-0: Ball 1-0: SINGLE (Groundball, 56) Philip Burke to third Runner from 3rd tries for Home, SAFE, throw made home Daryl Floyd to second
|
Batting: LHB Paul Alexander
|
0-0: Called Strike 0-1: SINGLE (Groundball, 2R) (infield hit) Daryl Floyd to third
|
Batting: RHB Robert Downing
|
0-0: Called Strike 0-1: Called Strike 0-2: Strikes out swinging
|
Batting: RHB Jesús Cuevas
|
0-0: Ball 1-0: Ball 2-0: Ball 3-0: Called Strike 3-1: Base on Balls Paul Alexander to second
|
Batting: LHB Marcos Vázquez
|
0-0: Ground out 4-3 (Groundball, 4)
|
Bottom of the 1st over - 1 run(s), 3 hit(s), 0 error(s), 3 left on base; La Crosse 0 - Menlo 1 |
TOP OF THE 2ND |
La Crosse Loggers batting - Pitching for Menlo Maniacs : RHP Will Jackson
|
Batting: RHB Júlio Sánchez
|
0-0: SINGLE (Line Drive, 4D)
|
Batting: RHB Dick Slagboom
|
0-0: Called Strike 0-1: Foul Ball, location: 2F 0-2: Ball 1-2: Ball 2-2: SINGLE (Groundball, 56D) Júlio Sánchez to second
|
Batting: RHB Troy Reed
|
0-0: Called Strike 0-1: Ball 1-1: Called Strike 1-2: Fielders Choice at 2nd, 5-4 (Groundball, 56) Júlio Sánchez to third
|
Batting: RHB Paul Richard
|
0-0: Called Strike 0-1: Ball 1-1: Ball 2-1: Called Strike 2-2: Foul Ball, location: 2F 2-2: SINGLE (Groundball, 56D) Júlio Sánchez scores Troy Reed to second
|
Batting: LHB Brock Miller
|
0-0: Ball 1-0: Ball Troy Reed steals 3rd base Paul Richard to second 2-0: Foul Ball, location: 2F 2-1: Swinging Strike 2-2: Ball 3-2: Base on Balls
|
Batting: RHB Robert Acosta
|
0-0: Ball 1-0: Ball 2-0: Ball 3-0: Base on Balls Troy Reed scores Paul Richard to third Brock Miller to second
|
Batting: RHB Kirk Powell
|
0-0: Called Strike 0-1: SINGLE (Line Drive, 7S) Paul Richard scores Brock Miller to third Robert Acosta to second
|
Batting: LHB George Smith
|
0-0: Ball 1-0: Ball 2-0: Foul Ball, location: 2F 2-1: Ball 3-1: Called Strike 3-2: Foul Ball, location: 2F 3-2: Fly out, F9 (Line Drive, 9S)
|
Batting: RHB Danny Campbell
|
0-0: Called Strike 0-1: Ball 1-1: Ground out 3-1 (Groundball, 34)
|
Top of the 2nd over - 3 run(s), 4 hit(s), 0 error(s), 3 left on base; La Crosse 3 - Menlo 1 |
BOTTOM OF THE 2ND |
Menlo Maniacs batting - Pitching for La Crosse Loggers : LHP Manuel Perea
|
Batting: RHB Ernest Russell
|
0-0: Foul Ball, location: 2F 0-1: Ball 1-1: Swinging Strike 1-2: Ball 2-2: Fly out, F6 (Popup, 6D)
|
Batting: RHB Gilberto León
|
0-0: Ball 1-0: Called Strike 1-1: Ground out 5-3 (Groundball, 56)
|
Batting: LHB Pedro Rodríguez
|
0-0: Foul Ball, location: 2F 0-1: Ball 1-1: Foul Ball, location: 2F 1-2: Ball 2-2: Ball 3-2: Ground out 3-1 (Groundball, 34)
|
Bottom of the 2nd over - 0 run(s), 0 hit(s), 0 error(s), 0 left on base; La Crosse 3 - Menlo 1 |
TOP OF THE 3RD |
La Crosse Loggers batting - Pitching for Menlo Maniacs : RHP Will Jackson
|
Batting: RHB Júlio Sánchez
|
0-0: Ball 1-0: Fly out, F6 (Popup, 6)
|
Batting: RHB Dick Slagboom
|
0-0: Ball 1-0: Ball 2-0: Foul Ball, location: 2F 2-1: Foul Ball, location: 2F 2-2: Ball 3-2: Fly out, F7 (Flyball, 7LD)
|
Batting: RHB Troy Reed
|
0-0: Ball 1-0: Foul Ball, location: 2F 1-1: Ball 2-1: Called Strike 2-2: Ball 3-2: Base on Balls
|
Batting: RHB Paul Richard
|
0-0: Called Strike Troy Reed steals 2nd base 0-1: Swinging Strike 0-2: Ball 1-2: Strikes out swinging
|
Top of the 3rd over - 0 run(s), 0 hit(s), 0 error(s), 1 left on base; La Crosse 3 - Menlo 1 |
BOTTOM OF THE 3RD |
Menlo Maniacs batting - Pitching for La Crosse Loggers : LHP Manuel Perea
|
Batting: RHB Philip Burke
|
0-0: Ball 1-0: Ball 2-0: SINGLE (Groundball, 6MD)
|
Batting: RHB Daryl Floyd
|
0-0: Ball 1-0: Foul Ball, location: 2F 1-1: Ball 2-1: Called Strike 2-2: Ball 3-2: Foul Ball, location: 2F 3-2: Base on Balls Philip Burke to second
|
Batting: LHB Paul Alexander
|
0-0: Called Strike 0-1: Swinging Strike 0-2: Ball 1-2: Foul Ball, location: 2F 1-2: Ball 2-2: Ground out 4-3 (Groundball, 4M) Philip Burke to third Daryl Floyd to second
|
Batting: RHB Robert Downing
|
0-0: Ball 1-0: Called Strike 1-1: Fly out, F9 (Flyball, 9S)
|
Batting: RHB Jesús Cuevas
|
0-0: Ball 1-0: Ball 2-0: Ground out 6-3 (Groundball, 56)
|
Bottom of the 3rd over - 0 run(s), 1 hit(s), 0 error(s), 2 left on base; La Crosse 3 - Menlo 1 |
TOP OF THE 4TH |
La Crosse Loggers batting - Pitching for Menlo Maniacs : RHP Will Jackson
|
Batting: LHB Brock Miller
|
0-0: Called Strike 0-1: Called Strike 0-2: Ball 1-2: Foul Ball, location: 2F 1-2: Foul Ball, location: 2F 1-2: Strikes out looking
|
Batting: RHB Robert Acosta
|
0-0: Fly out, F8 (Flyball, 8LM)
|
Batting: RHB Kirk Powell
|
0-0: Called Strike 0-1: Foul Ball, location: 2F 0-2: Ball 1-2: Foul Ball, location: 2F 1-2: Strikes out looking
|
Top of the 4th over - 0 run(s), 0 hit(s), 0 error(s), 0 left on base; La Crosse 3 - Menlo 1 |
BOTTOM OF THE 4TH |
Menlo Maniacs batting - Pitching for La Crosse Loggers : LHP Manuel Perea
|
Batting: LHB Marcos Vázquez
|
0-0: Ball 1-0: Ball 2-0: Ball 3-0: Base on Balls
|
Batting: RHB Ernest Russell
|
0-0: Ball 1-0: Ball 2-0: SINGLE (Groundball, 4M) Marcos Vázquez to second Runner from 2nd tries for 3rd, SAFE, throw made to third Ernest Russell to second
|
Batting: RHB Gilberto León
|
0-0: Ball 1-0: Ball 2-0: Ball 3-0: Called Strike 3-1: Base on Balls
|
Batting: LHB Pedro Rodríguez
|
0-0: Ball 1-0: Called Strike 1-1: Ball 2-1: Ball 3-1: Foul Ball, location: 2F 3-2: SINGLE (Line Drive, 6MD) Marcos Vázquez scores Ernest Russell to third Gilberto León to second
|
Batting: RHB Philip Burke
|
0-0: Called Strike 0-1: Ball 1-1: Foul Ball, location: 2F 1-2: Strikes out swinging
|
Batting: RHB Daryl Floyd
|
0-0: Ball 1-0: Fly out, F8 (Flyball, 8LXD) Runner from 3rd tags up, SCORES, no throw
|
Batting: LHB Paul Alexander
|
0-0: SINGLE (Groundball, 4MD) Gilberto León to third Pedro Rodríguez to second Runner from 3rd tries for Home, SAFE, no throw or cutoff
|
Batting: RHB Robert Downing
|
0-0: Ground out 6-3 (Groundball, 6D)
|
Bottom of the 4th over - 3 run(s), 3 hit(s), 0 error(s), 2 left on base; La Crosse 3 - Menlo 4 |
TOP OF THE 5TH |
La Crosse Loggers batting - Pitching for Menlo Maniacs : RHP Will Jackson
|
Batting: LHB George Smith
|
0-0: Called Strike 0-1: Foul Ball, location: 2F 0-2: Ball 1-2: Foul Ball, location: 2F 1-2: Ground out 3-1 (Groundball, 34)
|
Batting: RHB Danny Campbell
|
0-0: Called Strike 0-1: Ball 1-1: Ball 2-1: Ball 3-1: Called Strike 3-2: Base on Balls
|
Batting: RHB Júlio Sánchez
|
0-0: Called Strike 0-1: Ball 1-1: Ball 2-1: Fly out, F8 (Flyball, 8LM)
|
Batting: RHB Dick Slagboom
|
0-0: Fly out, F8 (Flyball, 8LD)
|
Top of the 5th over - 0 run(s), 0 hit(s), 0 error(s), 1 left on base; La Crosse 3 - Menlo 4 |
BOTTOM OF THE 5TH |
Menlo Maniacs batting - Pitching for La Crosse Loggers : LHP Manuel Perea
|
Batting: RHB Jesús Cuevas
|
0-0: Swinging Strike 0-1: DOUBLE (Flyball, 9LS)
|
Batting: LHB Marcos Vázquez
|
0-0: Foul Ball, location: 2F 0-1: Foul Ball, location: 2F 0-2: Ball 1-2: Strikes out swinging
|
Batting: RHB Ernest Russell
|
0-0: Intentional Walk
|
Pitching: LHP Marty Blasingame
|
|
Batting: RHB Gilberto León
|
0-0: Called Strike 0-1: Ball 1-1: Ball 2-1: SINGLE (Groundball, 56D) Jesús Cuevas to third Ernest Russell to second
|
Batting: LHB Pedro Rodríguez
|
0-0: Ball 1-0: Ball 2-0: Foul Ball, location: 2F 2-1: Swinging Strike 2-2: Foul Ball, location: 2F 2-2: Fly out, F9 (Flyball, 9M) Runner from 3rd tags up, SCORES, throw made
|
Batting: RHB Philip Burke
|
0-0: TRIPLE (Flyball, 7LM) Ernest Russell scores Gilberto León scores
|
Batting: RHB Daryl Floyd
|
0-0: Called Strike 0-1: Ball 1-1: SINGLE (Line Drive, 6M) Philip Burke scores
|
Batting: LHB Paul Alexander
|
0-0: Foul Ball, location: 2F 0-1: Fly out, F4 (Popup, 4D)
|
Bottom of the 5th over - 4 run(s), 4 hit(s), 0 error(s), 1 left on base; La Crosse 3 - Menlo 8 |
TOP OF THE 6TH |
La Crosse Loggers batting - Pitching for Menlo Maniacs : RHP Will Jackson
|
Pitching: RHP Bryan Bray
|
|
Batting: RHB Troy Reed
|
0-0: Ball 1-0: Swinging Strike 1-1: Ball 2-1: Ball 3-1: Reached on error, E4 (Groundball, 4)
|
Batting: RHB Paul Richard
|
0-0: Ball 1-0: Called Strike 1-1: Swinging Strike 1-2: Strikes out swinging
|
Batting: LHB Brock Miller
|
0-0: Ball 1-0: Swinging Strike 1-1: Foul Ball, location: 2F 1-2: Ball 2-2: Grounds out, U3 (Groundball, 3L)
|
Batting: RHB Robert Acosta
|
0-0: Foul Ball, location: 2F 0-1: Called Strike 0-2: Strikes out swinging
|
Top of the 6th over - 0 run(s), 0 hit(s), 1 error(s), 1 left on base; La Crosse 3 - Menlo 8 |
BOTTOM OF THE 6TH |
Menlo Maniacs batting - Pitching for La Crosse Loggers : LHP Marty Blasingame
|
Batting: RHB Robert Downing
|
0-0: Swinging Strike 0-1: Foul Ball, location: 2F 0-2: Ball 1-2: Strikes out looking
|
Batting: RHB Jesús Cuevas
|
0-0: Called Strike 0-1: Ball 1-1: Called Strike 1-2: SINGLE (Groundball, 6)
|
Batting: LHB Marcos Vázquez
|
0-0: Ball 1-0: Ball 2-0: Called Strike 2-1: Called Strike 2-2: Foul Ball, location: 2F 2-2: 2-RUN HOME RUN (Flyball, 7D), Distance : 393 ft
|
Pitching: RHP Cisco Vázquez
|
|
Batting: RHB Ernest Russell
|
0-0: Ball 1-0: Called Strike 1-1: Ball 2-1: Swinging Strike 2-2: Foul Ball, location: 2F 2-2: SINGLE (Flyball, 8RS)
|
Batting: RHB Gilberto León
|
0-0: Called Strike 0-1: Ball 1-1: Ball 2-1: Swinging Strike 2-2: Ball 3-2: Foul Ball, location: 2F 3-2: Strikes out swinging
|
Batting: LHB Pedro Rodríguez
|
0-0: Called Strike 0-1: Foul Ball, location: 2F 0-2: Ball 1-2: Strikes out swinging
|
Bottom of the 6th over - 2 run(s), 3 hit(s), 0 error(s), 1 left on base; La Crosse 3 - Menlo 10 |
TOP OF THE 7TH |
La Crosse Loggers batting - Pitching for Menlo Maniacs : RHP Bryan Bray
|
Batting: RHB Kirk Powell
|
0-0: Ball 1-0: Ball 2-0: Ground out 4-3 (Groundball, 4M)
|
Batting: LHB George Smith
|
0-0: Ball 1-0: Ball 2-0: Ball 3-0: Foul Ball, location: 2F 3-1: Base on Balls
|
Batting: RHB Danny Campbell
|
0-0: Ball 1-0: Called Strike 1-1: Fly out, F9 (Flyball, 9LDF)
|
Batting: RHB Júlio Sánchez
|
0-0: Fielders Choice at 2nd, U6 (Groundball, 6M)
|
Top of the 7th over - 0 run(s), 0 hit(s), 0 error(s), 1 left on base; La Crosse 3 - Menlo 10 |
BOTTOM OF THE 7TH |
Menlo Maniacs batting - Pitching for La Crosse Loggers : RHP Cisco Vázquez
|
Batting: RHB Philip Burke
|
0-0: Called Strike 0-1: Ball 1-1: SINGLE (Line Drive, 3D)
|
Batting: RHB Daryl Floyd
|
0-0: Ball 1-0: Foul Ball, location: 2F 1-1: Ball 2-1: Foul Ball, location: 2F 2-2: SINGLE (Groundball, 6) Philip Burke to second
|
Batting: LHB Paul Alexander
|
0-0: Swinging Strike 0-1: Foul Ball, location: 2F 0-2: Strikes out swinging
|
Batting: RHB Robert Downing
|
0-0: Called Strike 0-1: Ball 1-1: Foul Ball, location: 2F 1-2: Ball 2-2: Ball 3-2: DOUBLE (Line Drive, 5L) Philip Burke scores Daryl Floyd to third Runner from 3rd tries for Home, SAFE, no throw or cutoff
|
Batting: RHB Jesús Cuevas
|
0-0: Ball 1-0: Called Strike 1-1: Ground out 4-3 (Groundball, 4) Robert Downing to third
|
Batting: LHB Marcos Vázquez
|
0-0: Called Strike 0-1: Called Strike 0-2: Ball 1-2: Ball 2-2: Strikes out swinging
|
Bottom of the 7th over - 2 run(s), 3 hit(s), 0 error(s), 1 left on base; La Crosse 3 - Menlo 12 |
TOP OF THE 8TH |
La Crosse Loggers batting - Pitching for Menlo Maniacs : RHP Bryan Bray
|
Pitching: RHP Domingo Franco
|
|
Batting: RHB Dick Slagboom
|
0-0: Called Strike 0-1: Ball 1-1: Called Strike 1-2: Ground out 5-3 (Groundball, 56S)
|
Batting: RHB Troy Reed
|
0-0: Ball 1-0: Foul Ball, location: 2F 1-1: Ground out 1-3 (Groundball, 13S)
|
Batting: RHB Paul Richard
|
0-0: Swinging Strike 0-1: Ground out 6-3 (Groundball, 6M)
|
Top of the 8th over - 0 run(s), 0 hit(s), 0 error(s), 0 left on base; La Crosse 3 - Menlo 12 |
BOTTOM OF THE 8TH |
Menlo Maniacs batting - Pitching for La Crosse Loggers : RHP Cisco Vázquez
|
Batting: RHB Ernest Russell
|
0-0: Swinging Strike 0-1: Ball 1-1: Swinging Strike 1-2: Strikes out looking
|
Pitching: RHP Ray Adams
|
|
Batting: RHB Gilberto León
|
0-0: Ball 1-0: SINGLE (Groundball, 6MD)
|
Batting: LHB Pedro Rodríguez
|
0-0: Foul Ball, location: 2F 0-1: Foul Ball, location: 2F 0-2: Ball 1-2: Fly out, F7 (Line Drive, 78M)
|
Batting: RHB Philip Burke
|
0-0: Foul Ball, location: 2F 0-1: Ball 1-1: Ball 2-1: Foul Ball, location: 2F 2-2: Foul Ball, location: 2F 2-2: Ground out 1-3 (Groundball, 15S)
|
Bottom of the 8th over - 0 run(s), 1 hit(s), 0 error(s), 1 left on base; La Crosse 3 - Menlo 12 |
TOP OF THE 9TH |
La Crosse Loggers batting - Pitching for Menlo Maniacs : RHP Domingo Franco
|
Batting: LHB Brock Miller
|
0-0: Called Strike 0-1: Called Strike 0-2: Ball 1-2: Foul Ball, location: 2F 1-2: Ball 2-2: Strikes out swinging
|
Batting: RHB Robert Acosta
|
0-0: Fly out, F9 (Flyball, 9M)
|
Batting: RHB Kirk Powell
|
0-0: Ball 1-0: Ball 2-0: Called Strike 2-1: Fly out, F9 (Flyball, 89D)
|
Top of the 9th over - 0 run(s), 0 hit(s), 0 error(s), 0 left on base; La Crosse 3 - Menlo 12 |
|